 Dungeon Sprint DCSS version 0.21-a0-434-g806c6c2 (webtiles) character file.

2737 theanonym the Severer (level 9, -47/68 HPs)
             Began as a Gargoyle Fighter on Nov 9, 2017.
             Was a High Priest of Makhleb.
             Killed from afar by Dazimuf the pandemonium lord (105 damage)
             ... with a crystal spear
             ... in the Dungeon (Sprint V: "Ziggurat Sprint").
             The game lasted 00:03:35 (176 turns).

theanonym the Severer (Gargoyle Fighter)             Turns: 176, Time: 00:03:36

Health: -47/68     AC: 32    Str: 39    XL:     9   Next: 67%
Magic:  9/9        EV:  6    Int: 10    God:    Makhleb [*****.]
Gold:   0          SH: 32    Dex: 14    Spells: 8/8 levels left

rFire    + . .     SeeInvis +   R - +14 obsidian axe {chop, +Fly SInv *Curse} (curse)
rCold    + . .     Gourm    .   P - +18 shield of the Gong {rElec rN+ MR+ EV-5}
rNeg     + + .     Faith    .   O - +15 Maxwell's patent armour {-Cast -Tele rElec MR+ rCorr}
rPois    ∞         Spirit   .   (no helmet)
rElec    +         Reflect  +   (no cloak)
rCorr    +         Harm     .   (no gloves)
MR       ++...     NoTele   +   (no boots) Stlth ..........NoCast +
                                o - +3 amulet of reflection
HPRegen  0.21/turn              K - +6 ring of strength
MPRegen  0.11/turn              L - +6 ring of strength

@: mighty, agile, resistant, mesmerised, hasted, studying Stealth, very quick
A: negative energy resistance 1, electricity resistance, unbreathing,
petrification resistance, rot immunity, AC +6
a: Minor Destruction, Lesser Servant of Makhleb, Major Destruction, Greater
Servant of Makhleb, Renounce Religion, Evoke Flight


Innate Abilities, Weirdness & Mutations

You are resistant to torment.
Your stone body is resilient. (AC +6)
You are immune to poison.
You resist negative energy. (rN+)
You are resistant to electric shocks. (rElec)
You can survive without breathing.
You are immune to petrification.
You are immune to rotting.


   Skills:
 + Level 13.1 Fighting
 * Level 16.0 Axes
 - Level 3.2 Armour
 - Level 3.2 Shields


You had 8 spell levels left.
You didn't know any spells.

Skill      XL: |  1  2  3  4  5  6  7  8  9 |
---------------+----------------------------+-----
Axes           | 7 9 10 11 13 15 16 | 16.0
Fighting       | 5 7 8 10 12 13 | 13.1
Armour         | |  3.2
Shields        | |  3.2

Action                   |  1- 3 |  4- 6 |  7- 9 || total
-------------------------+-------+-------+-------++-------
Melee: Broad axe         |     3 |     4 |    29 ||    36
  Use: Potion            |     4 |     1 |     4 ||     9
Armor: Plate armour      |     2 |     4 |     6 ||    12
Dodge: Dodged            |       |       |     3 ||     3
Block: Shield            |     3 |     3 |    30 ||    36
       Reflection        |       |       |     3 ||     3

Inventory:

Hand Weapons
 a - a +0 war axe
 Q - the +9 heavy crossbow "Sniper" {velocity, Acc+∞ SInv}
   (You found it in the Dungeon)

   Any bolt fired from it inflicts extra damage.
   It lets you see invisible.
 R - the cursed +14 obsidian axe (weapon) {chop, +Fly SInv *Curse}
   (You found it in the Dungeon)

   It inflicts extra damage upon your enemies.
   It lets you see invisible.
   It lets you fly.
   It curses itself when equipped.
   It has a curse placed upon it.
Missiles
 S - 1000 bolts
Armour
 c - a +0 shield
 g - +5 gold dragon scales
   (You found it in the Dungeon)
 k - a +0 scale mail
 O - the +15 Maxwell's patent armour (worn) {-Cast -Tele rElec MR+ rCorr}
   (You found it in the Dungeon)

   It insulates you from electricity.
   It affects your resistance to hostile enchantments.
   It prevents spellcasting.
   It prevents most forms of teleportation.
   It protects you from acid and corrosion.
 P - the +18 shield of the Gong (worn) {rElec rN+ MR+ EV-5}
   (You found it in the Dungeon)

   It affects your evasion (-5).
   It insulates you from electricity.
   It protects you from negative energy.
   It affects your resistance to hostile enchantments.
 U - a +0 buckler of positive energy
   (You found it in the Dungeon)
Magical Staves
 E - an uncursed staff of energy {+MP, hungerless spells}
   (You found it in the Dungeon)
Jewellery
 o - a +3 amulet of reflection (around neck)
   (You found it in the Dungeon)
 G - a +6 ring of dexterity
   (You found it in the Dungeon)
 H - a +6 ring of dexterity
   (You found it in the Dungeon)
 I - a +6 ring of intelligence
   (You found it in the Dungeon)
 J - a +6 ring of intelligence
   (You found it in the Dungeon)
 K - a +6 ring of strength (left hand)
   (You found it in the Dungeon)
 L - a +6 ring of strength (right hand)
   (You found it in the Dungeon)
 N - an uncursed ring of flight {+Fly}
   (You found it in the Dungeon)
 V - an uncursed ring of protection from fire {rF+}
   (You found it in the Dungeon)
Wands
 A - a wand of disintegration (7/24)
   (You found it in the Dungeon)
 B - a wand of iceblast (5/15)
   (You found it in the Dungeon)
 C - a wand of lightning (5/15)
   (You found it in the Dungeon)
 D - a wand of acid (5/15)
   (You found it in the Dungeon)
Scrolls
 b - 4 scrolls of blinking
 f - 7 scrolls of fog {!r}
 r - 5 scrolls of identify
 t - 4 scrolls of amnesia
 u - 3 scrolls of recharging
 w - a scroll of holy word
 y - 5 scrolls of remove curse
 z - 2 scrolls of fear {!r}
Potions
 d - 4 potions of might
 e - 10 potions of curing
 h - 4 potions of haste
 i - 7 potions of magic
 j - 3 potions of berserk rage
 l - 2 potions of brilliance
 m - 2 potions of invisibility
 n - 2 potions of resistance
 p - 3 potions of agility
 q - 10 potions of heal wounds
Books
 W - a manual of Stealth
   (You found it in the Dungeon)
Miscellaneous
 F - a crystal ball of energy
   (You found it in the Dungeon)
 M - a lightning rod (4/4)
   (You found it in the Dungeon)
 T - a phial of floods
   (You found it in the Dungeon)
Comestibles
 s - 4 meat rations
 v - 5 bread rations
 x - 42 fruits

Dungeon Overview and Level Annotations

Branches:
Dungeon (1/1)

Altars:
Ashenzari
Cheibriados
Dithmenos
Elyvilon
Fedhas
Gozag
Hepliaklqana
Kikubaaqudgha
Makhleb
Nemelex Xobeh
Okawaru
Qazlal
Ru
Sif Muna
Trog
Uskayaw
Vehumet
Wu Jian
Xom
Yredelemnul
Zin
The Shining One
Beogh
Jiyva
Lugonu

Annotations:
D 1 transporter You were in the Dungeon. You worshipped Makhleb. Makhleb was extremely pleased with you. You were not hungry. You visited 1 branch


Message History

The white imp gestures at you. The puff of frost hits your iron imp.
Your iron imp resists.
The neqoxec hits your iron imp!
Your iron imp dies!
Health restored: 67 Visions of slaying the neqoxec flood into your mind.
Your sixfirhy hits the neqoxec.
Your sixfirhy shocks the neqoxec!
Your sixfirhy closely misses the neqoxec.
The white imp gestures at you.
The puff of frost reflects off an invisible shield around you!
GONNNNG!
The puff of frost hits the white imp.
The white imp resists.
The neqoxec misses your sixfirhy.
The iron imp closely misses your ynoxinul.
The white imp gestures at you.
The puff of frost reflects off an invisible shield around you!
GONNNNG!
The puff of frost hits the white imp.
The white imp resists.
Your ufetubus hits the neqoxec.
Your ufetubus closely misses the neqoxec.
Your sixfirhy hits the neqoxec but does no damage.
You block the neqoxec's attack.
GONNNNG!
You slash the white imp!
You kill the white imp!
You slash the white imp!
You kill the white imp!
You barely miss the neqoxec.
You feel a little less agile now.
Your ufetubus disappears in a puff of smoke!
Your sixfirhy barely misses the neqoxec.
Your sixfirhy hits the neqoxec!
Your sixfirhy shocks the neqoxec!
The neqoxec dies!
Makhleb accepts your kill. The iron imp hits your ynoxinul.
You slash the neqoxec! The neqoxec gestures at you.
Something tries to feed on your intellect!
Your ynoxinul hits the iron imp. You slash the neqoxec!
The iron imp hits your ynoxinul. You block the neqoxec's attack.
GONNNNG!
Your white imp gestures at the iron imp.
The puff of frost hits the iron imp.
The iron imp resists.
You closely miss the neqoxec. Your sixfirhy hits the neqoxec!
You break out of your daze!
The neqoxec dies!
Makhleb accepts your kill.
The iron imp disappears in a puff of smoke!
Your Fighting skill increases to level 13!
Health restored: 68 No target in view!
No target in view!
Unknown command.
You see here the +0 dire flail of the Middle {antimagic, rElec rF+ Str+3 Dex-5, MP-66%}.
You see here a crystal ball of energy.
There is a transporter here.
Unknown command.
Welcome to arena 7.
You enter the transporter and appear at another place.
A quasit, a white imp, a shadow imp, a ynoxinul, a chaos spawn and a pandemonium lord come into view.
Visions of slaying the white imp flood into your mind.
The shadow imp shouts!
Dazimuf barks, "Get thee gone whilst thou may!"
The ynoxinul bellows!
The white imp shouts!
The chaos spawn bleats!
Found six items.
Unknown command.
You feel very mighty all of a sudden.
Visions of slaying the chaos spawn flood into your mind.
Your ufetubus disappears in a puff of smoke!
You feel yourself speed up.
Visions of slaying the ynoxinul flood into your mind.
You feel agile all of a sudden.
You feel protected. Dazimuf gestures at you.
The bolt of energy hits your neqoxec. The bolt of energy hits you!
You take 13 damage, and have 55/68 hp.
Your sixfirhy hits the ynoxinul.
Your sixfirhy shocks the ynoxinul.
The ynoxinul resists.
You block the quasit's attack.
GONNNNG!
The quasit claws you but does no damage.
The quasit completely misses you. You block the ynoxinul's attack.
PANG!
Your ynoxinul hits the ynoxinul!
Found a transporter.
You slice the ynoxinul like a ripe choko!!!
You break out of your daze!
You kill the ynoxinul!
Makhleb accepts your kill.
Your Axes skill increases to level 16!
You slash the quasit! You open a gate to Pandemonium!
A demon appears!
You kill the quasit!
Makhleb accepts your kill.
You feel better.
Visions of slaying Dazimuf flood into your mind.
Dazimuf gestures at you. The crystal spear hits you!
Ouch! That really hurt!
You die...

▓▓▓▓▓▓▓▓▓
▓..8©8..▓
▓..?:)..▓
▓..)|=..▓
▓.......▓
▓..54...▓
▓...&5..▓
▓.33....▓
▓.▓3@3▓.▓
▓..5©...▓
▓▓▓▓▓▓▓▓▓


You could see Dazimuf, a chaos spawn, a white imp, a shadow imp, a friendly
sixfirhy, a friendly neqoxec, 2 friendly ynoxinuls and a friendly white imp.

Notes
Turn   | Place    | Note
-------+----------+-------------------------------------------
     0 | D        | Found the +6 Majin-Bo {vamp, Archmagi MP+6 Int+6}
     0 | D        | Found the +7 great mace "Firestarter" {inner flame, rF++}
     0 | D        | theanonym the Gargoyle Fighter began the quest for the Orb.
     0 | D        | Reached XP level 1. HP: 14/14 MP: 1/1
     3 | D        | Found a blossoming altar of Fedhas.
     6 | D        | Found a deep blue altar of Sif Muna.
     6 | D        | Found a sacrificial altar of Ru.
     6 | D        | Found a bloodstained altar of Trog.
     6 | D        | Found a stormy altar of Qazlal.
     6 | D        | Found an iron altar of Okawaru.
     6 | D        | Found a sparkling altar of Nemelex Xobeh.
     8 | D        | Found a transporter.
     8 | D        | Found an ancient bone altar of Kikubaaqudgha.
     8 | D        | Found a viscous altar of Jiyva.
     8 | D        | Found a corrupted altar of Lugonu.
     8 | D        | Found a hazy altar of Hepliaklqana.
     8 | D        | Found a burning altar of Makhleb.
     8 | D        | Found an opulent altar of Gozag.
    15 | D        | Banished a spatial maelstrom
    34 | D        | Found the +9 heavy crossbow "Sniper" {velocity, Acc+∞ SInv}
    34 | D        | Found the +10 dark maul {crush}
    34 | D        | Found the +15 Maxwell's patent armour {-Cast -Tele rElec MR+ rCorr}
    34 | D        | Found the +18 shield of the Gong {rElec rN+ MR+ EV-5}
    34 | D        | Found the cursed +14 obsidian axe {chop, +Fly SInv *Curse}
    60 | D        | Became a worshipper of Makhleb the Destroyer
    63 | D        | Found the +6 shillelagh "Devastator" {shatter}
    63 | D        | Found the +11 plutonium sword {*Contam Stlth-}
    63 | D        | Found the +8 lance "Wyrmbane" {slay drac, rPois rF+ rC+ AC+3}
    63 | D        | Found the +9 sword of Zonguldrok {reap}
    63 | D        | Found the cursed +13 scythe of Curses {drain, *Curse}
    63 | D        | Found the +0 sword of Power
    63 | D        | Found the +11 mace of Variability {chaos}
    63 | D        | Found the +7 Singing Sword
    63 | D        | Found the +7 longbow "Piercer" {penet, EV-2}
    77 | D        | Reached skill level 7 in Axes
    77 | D        | Reached XP level 2. HP: 19/19 MP: 2/2
    81 | D        | Entered arena 2.
    81 | D        | Noticed a hell hound
    81 | D        | Found a transporter.
    85 | D        | Killed a hell hound
    85 | D        | Reached * piety under Makhleb
    85 | D        | Reached skill level 5 in Fighting
    85 | D        | Reached skill level 9 in Axes
    85 | D        | Reached XP level 3. HP: 27/27 MP: 3/3
    85 | D        | Reached XP level 4. HP: 32/32 MP: 4/4
    90 | D        | Entered arena 3.
    90 | D        | Noticed a steam dragon
    90 | D        | Noticed a rime drake
    90 | D        | Noticed a rime drake
    90 | D        | Found a transporter.
    95 | D        | Killed a rime drake
    95 | D        | Reached skill level 7 in Fighting
    95 | D        | Reached skill level 10 in Axes
    95 | D        | Reached XP level 5. HP: 38/39 MP: 5/5
    95 | D        | Reached XP level 6. HP: 43/44 MP: 6/6
    96 | D        | Killed a rime drake
    96 | D        | Reached skill level 8 in Fighting
    96 | D        | Reached skill level 11 in Axes
    96 | D        | Reached XP level 7. HP: 50/50 MP: 7/7
    97 | D        | Killed a steam dragon
    97 | D        | Reached skill level 9 in Fighting
    97 | D        | Reached skill level 12 in Axes
   105 | D        | Entered arena 4.
   105 | D        | Noticed a jumping spider
   105 | D        | Noticed a jumping spider
   105 | D        | Found a transporter.
   109 | D        | Reached ** piety under Makhleb
   110 | D        | Killed a jumping spider
   110 | D        | Reached skill level 10 in Fighting
   110 | D        | Reached skill level 13 in Axes
   110 | D        | Reached XP level 8. HP: 58/58 MP: 8/8
   116 | D        | Killed a jumping spider
   121 | D        | Entered arena 5.
   121 | D        | Found a transporter.
   123 | D        | Reached skill level 11 in Fighting
   123 | D        | Reached *** piety under Makhleb
   132 | D        | Entered arena 6.
   132 | D        | Found a transporter.
   136 | D        | Reached **** piety under Makhleb
   136 | D        | Reached skill level 14 in Axes
   152 | D        | Entered arena 7.
   152 | D        | Noticed a spriggan
   152 | D        | Noticed a green ugly thing
   152 | D        | Noticed a shining eye
   153 | D        | Found a transporter.
   155 | D        | Killed a spriggan
   157 | D        | Killed a shining eye
   157 | D        | Reached skill level 12 in Fighting
   157 | D        | Reached skill level 15 in Axes
   157 | D        | Reached XP level 9. HP: 65/65 MP: 9/9
   159 | D        | Reached ***** piety under Makhleb
   160 | D        | Killed a green ugly thing
   165 | D        | Reached skill level 13 in Fighting
   170 | D        | Entered arena 8.
   170 | D        | Noticed Dazimuf the pandemonium lord
   175 | D        | Found a transporter.
   176 | D        | Reached skill level 16 in Axes
   176 | D        | Killed from afar by Dazimuf the pandemonium lord

Vanquished Creatures
  A shining eye (D)
  An ugly thing (D)
  A rime drake (D)
  2 jumping spiders (D)
  A spriggan (shapeshifter) (D)
  A ynoxinul (D)
  A steam dragon (D)
  A neqoxec (D)
  A naga (D)
  A water moccasin (D)
  A hell hound (D)
  2 ice beasts (D)
  2 scorpions (D)
  A quasit (D)
  2 white imps (D)
  An adder zombie (D)
  2 ball pythons (D)
22 creatures vanquished.

Vanquished Creatures (collateral kills)
  2 neqoxecs (D)
  A bat simulacrum (D)
3 creatures vanquished.

Vanquished Creatures (others)
  A spatial maelstrom (D)
  A rime drake (D)
2 creatures vanquished.

Grand Total: 27 creatures vanquished
